 Dungeon Crawl Stone Soup version 0.30-a0-141-g30f27751c5 (webtiles) character file.

Game seed: 18403813039648646561

618 qw the Chopper (level 7, -1/44 HPs)
             Began as a Gargoyle Fighter on Sept 25, 2022.
             Was an Initiate of Okawaru.
             Slain by an ice beast (13 damage)
             ... on level 5 of the Dungeon.
             The game lasted 00:01:25 (3694 turns).

qw the Chopper (Gargoyle Fighter)                   Turns: 3694, Time: 00:01:25

Health: -1/44      AC: 20    Str: 28    XL:     7   Next: 45%
Magic:  7/7        EV:  8    Int: 14    God:    Okawaru [......]
Gold:   35         SH:  4    Dex:  7    Spells: 6/6 levels left

rFire   . . .      SeeInvis .    Y - +0 war axe
rCold   . . .      Faith    .    c - +0 buckler
rNeg    + . .      Spirit   .    r - +5 chain mail of Gallantry {Will+}
rPois   inf        Reflect  .    (no helmet)
rElec   +          Harm     .    (no cloak)
rCorr   .          Rampage  .    m - +0 pair of gloves
Will    ++...                    (no boots)
Stlth   ..........               (no amulet)
HPRegen 0.94/turn                h - +6 ring of strength
MPRegen 0.10/turn                a - ring "Coagoam" {Will+ Int+6 Dex-2 Stlth+}

@: no status effects
A: sickness immunity, AC +4, negative energy resistance 1, electricity
resistance, torment resistance 1, petrification resistance, regeneration 1,
sturdy frame 1
a: Renounce Religion


You were on level 5 of the Dungeon.
You worshipped Okawaru.
Okawaru was noncommittal.
You visited 2 branches of the dungeon, and saw 6 of its levels.

You collected 156 gold pieces.
You spent 121 gold pieces at shops.


Innate Abilities, Weirdness & Mutations

You are immune to sickness and miasma.
Your stone body is resilient. (AC +4)
You are immune to poison.
You resist negative energy. (rN+)
You are resistant to electric shocks. (rElec)
You are resistant to unholy torment.
You are immune to petrification.
Your natural rate of healing is unusually fast.
Your movements are slightly less encumbered by armour. (ER -2)


   Skills:
 + Level 4.3 Fighting
 - Level 7.0 Axes
 - Level 3.2 Armour
 - Level 3.2 Shields


You had 6 spell levels left.
You didn't know any spells.
Your spell library was empty.

Inventory:

Hand Weapons
 s - a +0 flail
 Y - a +0 war axe (weapon)
Armour
 c - a +0 buckler (worn)
 m - a +0 pair of gloves (worn)
 r - the +5 chain mail of Gallantry (worn) {Will+}
   (You found it on level 3 of the Dungeon)

   Will:      It increases your willpower.
Jewellery
 a - the ring "Coagoam" (right hand) {Will+ Int+6 Dex-2 Stlth+}
   (You acquired it on level 1 of the Dungeon)

   [ring of intelligence]

   Int:       It affects your intelligence (+6).
   Dex:       It affects your dexterity (-2).
   Will:      It increases your willpower.
   Stlth:     It makes you more stealthy.
 h - a +6 ring of strength (left hand)
Scrolls
 g - 2 scrolls of identify
Potions
 d - 3 potions of might
 f - a potion of lignification
 n - 2 potions of mutation
 o - 4 potions of curing
 p - 2 potions of attraction

Dungeon Overview and Level Annotations

Branches:
Dungeon (5/15)             Temple (1/1) D:4

Altars:
Ashenzari
Cheibriados
Dithmenos
Elyvilon
Fedhas
Makhleb
Nemelex Xobeh
Okawaru
Qazlal
Sif Muna
Trog
Uskayaw
Vehumet
Xom
Yredelemnul
Zin
The Shining One

Shops:
D:3 !


Message History

The kobold brigand hits you but does no damage.
An ufetubus comes into view.
The ufetubus shouts!
You hit the orc warrior.
The orc warrior is severely wounded.
You slash the phantom!
You destroy the phantom!
Okawaru accepts your kill.
You completely miss the ice beast. You closely miss the white imp.
You hit the kobold brigand.
The ice beast hits you but does no damage.
You block the orc warrior's attack. The white imp gestures at you.
The puff of frost hits you but does no damage.
The kobold brigand hits you with a +0 dagger.
You slash the kobold brigand!
You kill the kobold brigand!
Okawaru accepts your kill.
You hit the orc warrior. You closely miss the ice beast.
You slash the white imp!
You kill the white imp!
Okawaru accepts your kill. The orc warrior completely misses you.
The ice beast hits you but does no damage.
Your Axes skill increases to level 7!
You hit the orc warrior but do no damage.
The orc warrior is almost dead.
You closely miss the ice beast.
The orc warrior hits you but does no damage.
The ice beast barely misses you.
An ogre comes into view. It is wielding a +0 giant club.
The orc warrior hits you but does no damage.
The ice beast hits you but does no damage.
You barely miss the orc warrior.
The orc warrior is almost dead.
The ogre shouts!
You hit the ice beast.
The orc warrior hits you with a +0 mace!
The ice beast hits you. The ice beast freezes you!
You die...

.. . ##. ..#
########.#
.#.....<#.#
..........# #
......#.).##.##..
######..o@......!
#..#5Y......
#...".......
...............
............#..
..#...#.........
...#...#...#....
...#..O#..#####
.# ..# ..#


You could see an orc warrior, an ice beast, an ogre and an ufetubus.

Vanquished Creatures
  A kobold brigand (D:5)
  A phantom (D:5)
  A necrophage (D:5)
  2 scorpions
  An orc priest (D:4)
  2 hounds
  An iguana (D:4)
  3 adders
  5 gnolls
  A white imp (D:5)
  An ufetubus (D:4)
  2 worms
  A dart slug (D:4)
  10 orcs
  5 ball pythons
  5 bats
  8 endoplasms
  4 giant cockroaches
  5 goblins
  4 hobgoblins
  4 jackals
  A quokka (D:4)
  3 frilled lizards
  7 kobolds
  3 rats
81 creatures vanquished.

Vanquished Creatures (others)
  A withered plant (D:1)
1 creature vanquished.

Grand Total: 82 creatures vanquished

Notes
Turn   | Place    | Note
-------+----------+-------------------------------------------
     0 | D:1      | qw the Gargoyle Fighter began the quest for the Orb.
     0 | D:1      | Reached XP level 1. HP: 14/14 MP: 1/1
     0 | D:1      | 0 ||| qw: Version: 0.2-a-10-g399e6c4
     0 | D:1      | 0 ||| qw: Game counter: 154
     0 | D:1      | 0 ||| qw: Always use a shield: true
     0 | D:1      | 0 ||| qw: God list: Okawaru
     0 | D:1      | 0 ||| qw: Allow faded altars: false
     0 | D:1      | 0 ||| qw: Do Orc after D:15 true
     0 | D:1      | 0 ||| qw: Do second Lair branch before Depths: true
     0 | D:1      | 0 ||| qw: Lair rune preference: random
     0 | D:1      | 0 ||| qw: Plans: Normal, Zot:1-4, God:TSO, Crypt, Tomb,
                  | Pan, Slime:5, Hells, Abyss, Orb
     0 | D:1      | 0 ||| PLANNING D:1-11
    62 | D:1      | Reached skill level 2 in Axes
    62 | D:1      | Reached XP level 2. HP: 12/19 MP: 2/2
   460 | D:1      | 460 ||| Stepping ~*~*~tactically~*~*~ (stealth).
   462 | D:1      | 462 ||| Stepping ~*~*~tactically~*~*~ (stealth).
   463 | D:1      | 463 ||| Stepping ~*~*~tactically~*~*~ (stealth).
   506 | D:1      | Reached skill level 3 in Axes
   637 | D:1      | 637 ||| Stepping ~*~*~tactically~*~*~ (stealth).
   661 | D:1      | Reached XP level 3. HP: 18/23 MP: 3/3
   827 | D:1      | Found a faded altar of an unknown god.
   949 | D:1      | 949 ||| UPGRADING to +6 ring of strength.
   950 | D:1      | 950 ||| READING scroll labelled FOECZIUHUI.
   951 | D:1      | 951 ||| READING scroll labelled INTEEN ZUODUZICY.
   951 | D:1      | Identified a scroll of acquirement
   951 | D:1      | 951 ||| ACQUIRING ring "Coagoam" {Will+ Int+6 Dex-2 Stlth+}
   951 | D:1      | Acquired the ring "Coagoam" {Will+ Int+6 Dex-2 Stlth+}
   953 | D:1      | 953 ||| UPGRADING to ring "Coagoam" {Will+ Int+6 Dex-2
                  | Stlth+}.
   992 | D:2      | 992 ||| STAIRDANCE
  1061 | D:2      | Found a sparkling altar of Nemelex Xobeh.
  1072 | D:2      | 1072 ||| Stepping ~*~*~tactically~*~*~ (stealth).
  1771 | D:2      | 1771 ||| READING scroll labelled QUGHAN LER.
  1772 | D:2      | 1772 ||| READING scroll labelled DEARHO HAEKH.
  1773 | D:2      | 1773 ||| READING scroll labelled BION GUIN EMU.
  1774 | D:2      | 1774 ||| DRINKING 2 fuming purple potions.
  1774 | D:2      | Gained mutation: Your movements are slightly less
                  | encumbered by armour. (ER -2) [potion of mutation]
  1774 | D:2      | Gained mutation: Your natural rate of healing is unusually
                  | fast. [potion of mutation]
  1775 | D:2      | 1775 ||| READING 2 scrolls of identify.
  1775 | D:2      | 1775 ||| IDENTIFYING smoky yellow potion
  1856 | D:3      | 1856 ||| Stepping ~*~*~tactically~*~*~ (stealth).
  1882 | D:3      | Reached XP level 4. HP: 28/28 MP: 4/4
  1980 | D:3      | 1980 ||| Stepping ~*~*~tactically~*~*~ (stealth).
  2001 | D:3      | 2001 ||| Stepping ~*~*~tactically~*~*~ (stealth).
  2014 | D:3      | Found a broken altar of Ashenzari.
  2075 | D:3      | 2075 ||| Stepping ~*~*~tactically~*~*~ (stealth).
  2076 | D:3      | 2076 ||| Stepping ~*~*~tactically~*~*~ (stealth).
  2126 | D:3      | Identified the +5 chain mail of Gallantry {Will+}
  2302 | D:3      | Found Idui's Distillery.
  2311 | D:3      | 2311 ||| BUYING potion of attraction (33 gold).
  2311 | D:3      | Bought a potion of attraction for 33 gold pieces
  2311 | D:3      | 2311 ||| BUYING potion of curing (33 gold).
  2311 | D:3      | Bought a potion of curing for 33 gold pieces
  2311 | D:3      | 2311 ||| SHOPLISTING potion of haste (110 gold, have 60).
  2311 | D:3      | 2311 ||| BUYING potion of heal wounds (55 gold).
  2311 | D:3      | Bought a potion of heal wounds for 55 gold pieces
  2311 | D:3      | 2311 ||| SHOPLISTING potion of might (44 gold, have 5).
  2311 | D:3      | 2311 ||| SHOPLISTING potion of mutation (88 gold, have 5).
  2315 | D:3      | Reached skill level 4 in Axes
  2338 | D:3      | 2338 ||| Stepping ~*~*~tactically~*~*~ (stealth).
  2352 | D:3      | 2352 ||| DROPPING +0 whip.
  2356 | D:3      | 2356 ||| Stepping ~*~*~tactically~*~*~ (stealth).
  2358 | D:3      | 2358 ||| Stepping ~*~*~tactically~*~*~ (stealth).
  2374 | D:3      | 2374 ||| Stepping ~*~*~tactically~*~*~ (stealth).
  2539 | D:3      | 2539 ||| UPGRADING to +0 pair of gloves.
  2544 | D:3      | 2544 ||| UPGRADING to +5 chain mail of Gallantry {Will+}.
  2554 | D:3      | 2554 ||| DROPPING +0 scale mail.
  2555 | D:3      | 2555 ||| READING 2 scrolls labelled CAULUTEJOERI.
  2560 | D:3      | 2560 ||| DRINKING 2 lumpy blue potions.
  2665 | D:3      | 2665 ||| READING 3 scrolls of identify.
  2665 | D:3      | 2665 ||| IDENTIFYING amethyst potion
  2666 | D:3      | 2666 ||| READING 2 scrolls of identify.
  2666 | D:3      | 2666 ||| IDENTIFYING murky cyan potion
  2667 | D:3      | 2667 ||| DROPPING potion of invisibility.
  2668 | D:3      | 2668 ||| DROPPING potion of degeneration.
  2669 | D:3      | 2669 ||| DROPPING potion of berserk rage.
  2716 | D:4      | Reached XP level 5. HP: 32/32 MP: 5/5
  2775 | D:4      | Found a glowing silver altar of Zin.
  2836 | D:4      | Reached skill level 5 in Axes
  2857 | D:4      | 2857 ||| Stepping ~*~*~tactically~*~*~ (hiding).
  2859 | D:4      | 2859 ||| Stepping ~*~*~tactically~*~*~ (hiding).
  2875 | D:4      | HP: 6/33 [worm (9)]
  2876 | D:4      | 2876 ||| READING scroll of teleportation.
  2876 | D:4      | HP: 1/33 [gnoll/+0 halberd (6)]
  2877 | D:4      | 2877 ||| DRINKING 2 potions of heal wounds.
  2883 | D:4      | Reached XP level 6. HP: 18/38 MP: 6/6
  2945 | D:4      | Found a staircase to the Ecumenical Temple.
  2946 | D:4      | 2946 ||| PLANNING TEMPLE
  2958 | Temple   | Entered the Ecumenical Temple
  2960 | Temple   | 2960 ||| PLANNING OKAWARU WORSHIP
  3142 | Temple   | Became a worshipper of Warmaster Okawaru
  3143 | Temple   | 3143 ||| PLANNING D:1-11
  3438 | D:4      | 3438 ||| FLEEEEING.
  3647 | D:5      | Entered Level 5 of the Dungeon
  3663 | D:5      | 3663 ||| Stepping ~*~*~tactically~*~*~ (stealth).
  3667 | D:5      | Noticed an orc warrior
  3668 | D:5      | 3668 ||| Stepping ~*~*~tactically~*~*~ (stealth).
  3669 | D:5      | 3669 ||| Stepping ~*~*~tactically~*~*~ (stealth).
  3675 | D:5      | Reached skill level 6 in Axes
  3678 | D:5      | Noticed an ice beast
  3685 | D:5      | Reached XP level 7. HP: 25/44 MP: 7/7
  3685 | D:5      | HP: 11/44 [white imp/puff of frost (7)]
  3686 | D:5      | 3686 ||| DRINKING potion of heal wounds.
  3693 | D:5      | Reached skill level 7 in Axes
  3694 | D:5      | Slain by an ice beast

Levels and vault maps discovered:
D:1:      pf_arrival_petrified_forest, layout_basic,
          ebering_ecumenical_altar_petrified, grunt_decor_mini_mirrors
D:2:      layout_basic, basic_altar, corexii_leaking_fountain
D:3:      layout_loops_ring, evilmike_ruin_ashenzari, serial_shops, shop,
          moated_statue
D:4:      layout_basic, zin_academy, minmay_temple_entry_proselytizer
D:5:      cheibrodos_fzero, layout_basic, nicolae_hepliaklqana_hippocampus,
          nicolae_concentric_dashed_squares_wild, uniq_pikel, uniq_edmund
Temple:   nicolae_temple_bog_church

Skill      XL: |  1  2  3  4  5  6  7 |
---------------+----------------------+-----
Axes           | 2 3 4 5 6 7 |  7.0
Fighting       | 4 |  4.3
Armour         | |  3.2
Shields        | |  3.2

Action                   |  1- 3 |  4- 6 |  7- 9 || total
-------------------------+-------+-------+-------++-------
Melee: War axe           |    83 |   181 |     9 ||   273
  Use: Scroll            |     6 |     4 |       ||    10
       Potion            |     1 |     2 |     1 ||     4
Armor: Scale mail        |    38 |    23 |       ||    61
       Chain mail        |       |   105 |    17 ||   122
Dodge: Dodged            |    35 |    95 |    12 ||   142
Block: Buckler           |    18 |    43 |     7 ||    68

Table legend:
 A = Non-vault XP
 B = Vault XP
 C = Vault XP percentage of total XP
 D = Non-vault monster count
 E = Vault monster count
 F = Vault count percentage of total count
                 A         B        C        D         E       F
            +---------+---------+-------+---------+---------+-------
      Total |     397 |     486 |  55.0 |      72 |       9 |  11.1
            +---------+---------+-------+---------+---------+-------
        D:1 |      42 |       0 |   0.0 |      18 |       0 |   0.0
        D:2 |      29 |       0 |   0.0 |       8 |       0 |   0.0
        D:3 |      48 |       0 |   0.0 |      19 |       0 |   0.0
        D:4 |     278 |      41 |  12.9 |      27 |       1 |   3.6
        D:5 |       0 |     445 | 100.0 |       0 |       8 | 100.0
            +---------+---------+-------+---------+---------+-------
